 Dungeon Crawl Stone Soup version 0.22.1-1-ga44c0e5 (webtiles) character file.

14 Irenicus the Chopper (level 2, 0/27 HPs)
             Began as a Deep Dwarf Monk on Oct 9, 2018.
             Slain by a jackal (2 damage)
             ... on level 1 of the Dungeon.
             The game lasted 00:01:21 (172 turns).

Irenicus the Chopper (Deep Dwarf Monk)               Turns: 172, Time: 00:01:22

Health: 0/27       AC:  3    Str: 19    XL:     2   Next: 27%
Magic:  2/2        EV: 13    Int: 10    God:
Gold:   24         SH:  0    Dex: 15    Spells: 1/1 levels left

rFire    . . .     SeeInvis .   a - +0 hand axe
rCold    . . .     Gourm    .   (no shield)
rNeg     . . .     Faith    .   e - +0 leather armour
rPois    .         Spirit   .   (no helmet)
rElec    .         Reflect  .   (no cloak)
rCorr    .         Harm     .   (no gloves)
MR       .....                  (no boots)
Stlth    ++........             (no amulet)
HPRegen  0.00/turn              b - +5 ring of strength
MPRegen  0.08/turn              (no ring)

@: non-regenerating
A: damage resistance, heal wounds, sense surroundings 1, no regeneration
a: Heal Wounds


You were on level 1 of the Dungeon.
You were not hungry.

You visited 1 branch of the dungeon, and saw 1 of its levels.

You collected 24 gold pieces.

Inventory:

Hand Weapons
 a - a +0 hand axe (weapon)
Armour
 e - a +0 leather armour (worn)
   (You found it on level 1 of the Dungeon)
Jewellery
 b - a +5 ring of strength (left hand)
   (You found it on level 1 of the Dungeon)
Scrolls
 d - a scroll of remove curse {unknown}
 f - a scroll of identify {unknown}
 g - a scroll of teleportation {unknown}
Comestibles
 c - 2 rations


   Skills:
 - Level 2.6 Fighting
 + Level 4.1 Axes
 - Level 3.2 Dodging
 - Level 2.4 Stealth


You had one spell level left.
You didn't know any spells.
Your spell library was empty.

Dungeon Overview and Level Annotations

Branches:
Dungeon (1/15)

Altars:


Innate Abilities, Weirdness & Mutations

You are resistant to damage.
You can heal yourself by infusing magical energy.
You passively map a small area around you.
You do not regenerate.


Message History

You kill the dart slug!
You see here a dart slug corpse.
Put on which piece of jewellery? (? for menu, Esc to quit)
You feel stronger.
b - a +5 ring of strength (left hand)
A dart slug comes into view.
The helpless dart slug fails to defend itself.
You slash the dart slug!
The dart slug bites you but does no damage.
You hit the dart slug.
You kill the dart slug!
Your Axes skill increases to level 4!
You have reached level 2!
You regained 3 hp, and now have 13/27 hp.
MP restored: 2
Things that are here:
a hand axe; 11 gold pieces You now have 24 gold pieces (gained 11).
You see here a hand axe.
A ball python and a rat come into view.
The ball python hisses angrily.
The ball python bites you but does no damage.
The ball python barely misses you.
You closely miss the ball python. You closely miss the rat.
The ball python closely misses you. x2; The rat bites you.
You slash the ball python!
You kill the ball python!
You closely miss the rat. The rat bites you.
You hit the rat. The rat misses you.
You barely miss the rat. The rat barely misses you.
You hit the rat.
You kill the rat!
You see here a ball python corpse.
You see here a ration.
c - 2 rations (gained 1)
You see here a scroll labeled UGATHR LOJECA.
f - a scroll labeled UGATHR LOJECA A frilled lizard comes into view.
A giant cockroach comes into view.
The frilled lizard hisses angrily.
The giant cockroach moves out of view.
A jackal comes into view.
You barely miss the frilled lizard. The frilled lizard bites you.
You hit the frilled lizard but do no damage.
The frilled lizard misses you. x2
You miss the frilled lizard. The frilled lizard closely misses you.
You miss the frilled lizard. You hit the giant cockroach.
The giant cockroach barely misses you. The frilled lizard misses you.
You barely miss the giant cockroach.
You hit the frilled lizard but do no damage.
The giant cockroach closely misses you. The frilled lizard bites you.
The giant cockroach bites you but does no damage.
You barely miss the frilled lizard. You hit the giant cockroach.
The giant cockroach completely misses you.
The frilled lizard barely misses you.
You closely miss the frilled lizard.
You hit the giant cockroach but do no damage.
The giant cockroach barely misses you. The frilled lizard misses you.
You slash the frilled lizard!
You kill the frilled lizard!
You closely miss the giant cockroach. The giant cockroach closely misses you.
The giant cockroach barely misses you. The giant cockroach barely misses you.
You slash the giant cockroach!
You kill the giant cockroach!
A rat and a goblin come into view.
A bat comes into view.
A dart slug comes into view.
You see here a scroll labeled IMULEUT IPRAS.
g - a scroll labeled IMULEUT IPRAS The jackal barks!
The goblin shouts!
You hit the bat.
You kill the bat!
The jackal closely misses you.
You closely miss the jackal. You barely miss the rat.
The jackal closely misses you. The rat closely misses you.
You hit the jackal. You hit the rat.
You kill the rat!
The jackal bites you but does no damage.
The jackal misses you.
You barely miss the jackal. You closely miss the goblin.
The jackal barely misses you. The goblin closely misses you.
You barely miss the goblin. You hit the jackal.
The jackal bites you but does no damage.
The goblin hits you with a mace!
* * * LOW HITPOINT WARNING * * *
The jackal barely misses you.
You take 5 damage, and have 8/27 hp.
You closely miss the jackal. You hit the goblin. The jackal misses you.
The goblin barely misses you.
You hit the dart slug. You hit the jackal but do no damage.
You hit the goblin but do no damage. The jackal barely misses you.
The jackal bites you. The dart slug barely misses you.
The goblin hits you with a mace!
* * * LOW HITPOINT WARNING * * *
You take 6 damage, and have 2/27 hp.
MASSIVE DAMAGE!!
You aren't carrying any potions.
You fail to use your ability.
The jackal bites you.
You die...

#.###.# * ..
#.# # ...,,
*
#.###.#.#?.*
, #.........
#..####.## #
#..# #...#.#
#..##.....##
*
#..#.w.....#
#...@h(#....
#..#.g)....#
#(.##.....##
* #..#
#...#.# ,
#..# #.## #,
##.. , ... *
### ,....
**### * ,*


You could see a dart slug, a jackal and a goblin.

Vanquished Creatures
  2 dart slugs (D:1)
  2 bats (D:1)
  A giant cockroach (D:1)
  A hobgoblin (D:1)
  A ball python (D:1)
  2 frilled lizards (D:1)
  2 rats (D:1)
11 creatures vanquished.

Notes
Turn   | Place    | Note
-------+----------+-------------------------------------------
     0 | D:1      | Irenicus the Deep Dwarf Monk began the quest for the Orb.
     0 | D:1      | Reached XP level 1. HP: 20/20 MP: 1/1
    80 | D:1      | Reached skill level 4 in Axes
    80 | D:1      | Reached XP level 2. HP: 13/27 MP: 2/2
   171 | D:1      | HP: 2/27 [goblin/mace (6)]
   172 | D:1      | Slain by a jackal

Skill      XL: |  1 |
---------------+----+-----
Axes           | 4 |  4.1
Fighting       | |  2.6
Dodging        | |  3.2
Stealth        | |  2.4

Action                   || total
-------------------------++-------
Melee: Hand axe          ||    37
 Stab: Sleeping          ||     1
Armor: Leather armour    ||    11
Dodge: Dodged            ||    38

Vault maps used:
D:1:      saegor_arrival_simple_a, minmay_nonomino_d4

Table legend:
 A = Turns spent in this place as a percentage of turns spent in the entire game.
 B = Non-inter-level travel turns spent in this place as a percentage of non-inter-level travel turns spent in the entire game.
 C = Inter-level travel turns spent in this place as a percentage of turns spent in this place.
 D = Turns resting spent in this place as a percentage of non-inter-level travel turns spent in this place.
 E = Turns spent auto-exploring this place as a percentage of non-inter-level travel turns spent in this place.
 F = Non-inter-level travel turns spent in this place divided by the number of levels of this place that you've seen.
                   A       B       C       D       E      F
               +-------+-------+-------+-------+-------+----------------------
         Total | 100.0 | 100.0 |   0.0 |   0.0 |   0.0 | 172.0
       Dungeon | 100.0 | 100.0 |   0.0 |   0.0 |   0.0 | 172.0
               +-------+-------+-------+-------+-------+----------------------

Table legend:
 A = Kills in this place as a percentage of kills in entire the game.
 B = Kills by you in this place as a percentage of kills by you in the entire game.
 C = Kills by friends in this place as a percentage of kills by friends in the entire game.
 D = Other kills in this place as a percentage of other kills in the entire game.
 E = Experience gained in this place as a percentage of experience gained in the entire game.
 F = Experience gained in this place divided by the number of levels of this place that you have seen.
                   A       B       C       D       E      F
               +-------+-------+-------+-------+-------+----------------------
         Total | 100.0 | 100.0 |   N/A |   N/A | 100.0 |  20.0
       Dungeon | 100.0 | 100.0 |   N/A |   N/A | 100.0 |  20.0
               +-------+-------+-------+-------+-------+----------------------
